 Dungeon Crawl Stone Soup version 0.29-a0-350-g7790a0e70a (webtiles) character file.

Game seed: 6184574982462718989

1486 spaghetti the Gusty (level 8, -3/58 HPs)
             Began as a Gnoll Air Elementalist on Apr 22, 2022.
             Was a Follower of Qazlal.
             Slain by a nameless horror (14 damage)
             ... created by miscasting Summon Ice Beast
             ... on level 6 of the Dungeon.
             The game lasted 00:13:13 (6839 turns).

spaghetti the Gusty (Gnoll Air Elementalist)        Turns: 6839, Time: 00:13:14

Health: -3/58      AC:  7    Str:  5    XL:     8   Next: 80%
Magic:  0/17       EV: 14    Int: 19    God:    Qazlal [*.....]
Gold:   282        SH:  2    Dex: 12    Spells: 3/19 levels left

rFire   . . .      SeeInvis .   a - +8 dagger of Quantum Leap {vorpal, rElec Str-4 Int+3, short}
rCold   . . .      Faith    .   (no shield)
rNeg    . . .      Spirit   .   t - +0 robe
rPois   .          Reflect  .   (no helmet)
rElec   +          Harm     .   (no cloak)
rCorr   .          Rampage  .   (no gloves)
Will    .....                   l - +0 pair of boots
Stlth   +++.......              (no amulet)
HPRegen 0.19/turn               s - +4 ring of protection
MPRegen 0.15/turn               (no ring)

@: no status effects
A: fangs 1, strong nose, distributed training
a: Renounce Religion


You were on level 6 of the Dungeon.
You worshipped Qazlal.
Qazlal was aware of your devotion.
You visited 1 branch of the dungeon, and saw 6 of its levels.

You collected 282 gold pieces.


Innate Abilities, Weirdness & Mutations

You have very sharp teeth.
Your uncanny sense of smell can sniff out nearby items.
Your experience applies equally to all skills.


   Skills:
 + Level 3.5 Fighting
 + Level 3.5 Short Blades
 + Level 3.5 Long Blades
 + Level 3.5 Axes
 + Level 3.5 Maces & Flails
 + Level 3.5 Polearms
 + Level 3.5 Staves
 + Level 3.5 Slings
 + Level 3.5 Bows
 + Level 3.5 Crossbows
 + Level 3.5 Throwing
 + Level 3.5 Armour
 + Level 5.9 Dodging
 + Level 5.5 Stealth
 + Level 3.5 Shields
 + Level 3.5 Unarmed Combat
 + Level 6.2 Spellcasting
 + Level 3.7 Conjurations
 + Level 2.9 Hexes
 + Level 2.9 Summonings
 + Level 2.9 Necromancy
 + Level 2.9 Translocations
 + Level 2.9 Transmutations
 + Level 2.9 Fire Magic
 + Level 2.9 Ice Magic
 + Level 6.2 Air Magic
 + Level 2.9 Earth Magic
 + Level 2.9 Poison Magic
 + Level 3.9 Invocations
 + Level 3.5 Evocations


You had 3 spell levels left.
You knew the following spells:

 Your Spells              Type           Power      Damage    Failure   Level
a - Shock                 Conj/Air       96%        1d9       1%          1
b - Swiftness             Air            29%        N/A       2%          3
c - Passwall              Tmut/Erth      14%        N/A       4%          2
d - Call Canine Familiar  Summ           17%        N/A       10%         3
e - Summon Ice Beast      Ice/Summ       17%        N/A       32%         4
f - Frozen Ramparts       Ice            34%        1d5       10%         3

Your spell library contained the following spells:

 Spells                   Type           Power      Damage    Failure   Level
 Static Discharge         Conj/Air       24%        N/A       2%          2
 Sandblast                Erth           34%        2d9       3%          1
 Summon Small Mammal      Summ           68%        N/A       3%          1
 Stone Arrow              Conj/Erth      36%        3d9       9%          3
 Summon Guardian Golem    Hex/Summ       17%        N/A       10%         3
 Airstrike                Air            14%        N/A       9%          4
 Hailstorm                Conj/Ice       18%        3d6       28%         4
 Ice Form                 Ice/Tmut       17%        N/A       32%         4
 Simulacrum               Ice/Necr       8%         N/A       99%         6

Inventory:

Hand Weapons
 a - the +8 dagger of Quantum Leap (weapon) {vorpal, rElec Str-4 Int+3, short}
   (You found it on level 3 of the Dungeon)

   It inflicts extra damage upon your enemies.
   Str:       It affects your strength (-4).
   Int:       It affects your intelligence (+3).
   rElec:     It insulates you from electricity.
 f - a +0 dagger {short}
   (You took it off a kobold on level 1 of the Dungeon)
 g - a +0 dagger {short}
   (You took it off a goblin on level 1 of the Dungeon)
 A - a +1 war axe of venom {axe}
   (You took it off an orc wizard on level 6 of the Dungeon)
 B - a +1 dagger of venom {short}
   (You took it off an orc on level 6 of the Dungeon)
Missiles
 h - 139 stones {throwing}
 q - 6 poisoned darts {throwing}
 y - 6 atropa-tipped darts {throwing}
 z - 6 boomerangs {throwing}
Armour
 l - a +0 pair of boots (worn)
   (You found it on level 1 of the Dungeon)
 t - a +0 robe (worn)
Magical Staves
 b - a staff of conjuration {!a@e2staff}
   (You found it on level 3 of the Dungeon)
Jewellery
 s - a +4 ring of protection (left hand)
   (You found it on level 1 of the Dungeon)
 w - an amulet of guardian spirit
   (You found it on level 4 of the Dungeon)
 D - a ring of ice
   (You took it off an orc on level 6 of the Dungeon)
Wands
 v - a wand of paralysis (3)
   (You took it off Ijyb on level 3 of the Dungeon)
Scrolls
 c - a scroll of torment {unknown}
 d - 3 scrolls of teleportation {@r4}
 j - a scroll of noise {unknown}
 n - 9 scrolls of identify {unknown}
 o - 2 scrolls of fog {unknown}
 p - a scroll of enchant armour {unknown}
 x - a scroll of amnesia {unknown}
 E - a scroll of enchant weapon {unknown}
Potions
 e - 4 potions of curing {@q1}
 i - a potion of lignification {unknown}
 k - 2 potions of heal wounds {unknown}
 m - a potion of mutation {unknown}
 r - 2 potions of haste {@q3}
 u - a potion of brilliance {unknown}
 C - 2 potions of degeneration {unknown}

Dungeon Overview and Level Annotations

Branches:
Dungeon (6/15)             Temple (0/1) D:6

Altars:
Qazlal

Shops:
D:1 * D:5

* #.# ........<......... #.#
#.######.####.###.## #.#
#...............# #.#
#..#####.#..#####. #.# #..
#.#........# #.# #.. #.#.######.#
#.# #.. #.#.# #.#
#####.)#####.#.# #.#
.[.....@X....#.#
#.################.#########
######...........................
.........................>#######
.######################.#.# .#
#.#.# .# #.#.# .# #.#.# .# #.#.#


You could see a nameless horror.


Message History

The centaur closely misses you.
The wall freezes the nameless horror. 😕 MP[-4]
You lost 4 mp, and now have 6/17 mp.
Aiming: Shock (safe; 1% risk of failure)
Press: ? - help, Q - select action, (/) - cycle Shift-Dir - straight line, f - centaur
Aim: a centaur (heavily wounded, ally target, 84% to hit)
Okay, then.
You hit the nameless horror.
The wall freezes the centaur.
The centaur hits you.
The centaur kicks you but does no damage.
The wall freezes the centaur.
The centaur misses you. The centaur kicks you. 😕 HP[-7]
You take 7 damage, and now have 47/58 hp.
You hit the nameless horror but do no damage.
You bite the nameless horror.
The wall freezes the nameless horror.
Send 'em back where they came from!
Your ice beast disappears in a puff of smoke!
The wall freezes the centaur.
The centaur completely misses you.
The centaur closely misses you. 😕 HP[+1]
You hit the nameless horror.
You bite the nameless horror, but do no damage.
The wall freezes the nameless horror.
The nameless horror hits you!
You feel your power leaking away.
The wall freezes the centaur.
The centaur misses you.
The centaur barely misses you. 😮 HP[-12] MP[-6]
You take 12 damage, and now have 36/58 hp.
MASSIVE DAMAGE!! (PAUSE)
You lost 6 mp, and now have 0/17 mp.
You hit the nameless horror but do no damage.
You bite the nameless horror, but do no damage.
The wall freezes the centaur.
You kill the centaur!
Qazlal accepts your kill.
The wall freezes the nameless horror.
The nameless horror misses you.
You barely miss the nameless horror.
The wall freezes the nameless horror.
The nameless horror barely misses you. 😮 MP[+1]
You hit the nameless horror but do no damage.
The frozen ramparts melt away.
The nameless horror hits you.
You feel your power leaking away. 😮 HP[-6] MP[-1]
You take 6 damage, and now have 30/58 hp.
You lost 1 mp, and now have 0/17 mp.
You hit the nameless horror but do no damage.
You hit the nameless horror but do no damage.
The nameless horror hits you but does no damage. 😮 HP[+1]
You hit the nameless horror but do no damage.
You bite the nameless horror, but do no damage.
The nameless horror hits you.
* * * LOW HITPOINT WARNING * * *
😨 HP[-2]
You take 2 damage, and now have 29/58 hp.
You hit the nameless horror but do no damage.
The nameless horror hits you!
* * * LOW HITPOINT WARNING * * *
😱 HP[-15]
You take 15 damage, and now have 14/58 hp.
MASSIVE DAMAGE!! (PAUSE)
You barely miss the nameless horror. The nameless horror barely misses you.
You hit the nameless horror. The nameless horror hits you.
* * * LOW HITPOINT WARNING * * *
Your magical contamination has completely faded away. 😱 HP[-3]
You take 3 damage, and now have 11/58 hp.
You hit the nameless horror but do no damage.
You bite the nameless horror, but do no damage. 😱 MP[+1] Unknown command.
Unknown command.
You hit the nameless horror. The nameless horror hits you.
* * * LOW HITPOINT WARNING * * *
You feel your power leaking away. 😱 HP[-5] MP[-1]
You take 5 damage, and now have 6/58 hp.
You lost 1 mp, and now have 0/17 mp.
Unknown command.
Press: ? - help, v - describe, . - travel
Here: a nameless horror (severely damaged, durably summoned)
The floor.
You feel better.
You block the nameless horror's attack. 😱 HP[+8]
You regained 8 hp, and now have 14/58 hp.
You completely miss the nameless horror.
You bite the nameless horror, but do no damage.
The nameless horror hits you but does no damage.
You hit the nameless horror but do no damage.
The nameless horror hits you.
* * * LOW HITPOINT WARNING * * *
😱 HP[-2]
You take 2 damage, and now have 12/58 hp.
You hit the nameless horror but do no damage.
The nameless horror hits you!
* * * LOW HITPOINT WARNING * * *
😱 HP[-11]
You take 11 damage, and now have 1/58 hp.
You feel better. The nameless horror hits you!
You die...

Skill      XL: |  1  2  3  4  5  6  7  8 |
---------------+-------------------------+-----
Conjurations   | 2 3 |  3.7
Spellcasting   | 5 6 |  6.2
Invocations    | 1 2 3 |  3.9
Fighting       | 1 2 3 |  3.5
Short Blades   | 1 2 3 |  3.5
Long Blades    | 1 2 3 |  3.5
Axes           | 1 2 3 |  3.5
Maces & Flails | 1 2 3 |  3.5
Polearms       | 1 2 3 |  3.5
Staves         | 1 2 3 |  3.5
Slings         | 1 2 3 |  3.5
Bows           | 1 2 3 |  3.5
Crossbows      | 1 2 3 |  3.5
Throwing       | 1 2 3 |  3.5
Armour         | 1 2 3 |  3.5
Shields        | 1 2 3 |  3.5
Unarmed Combat | 1 2 3 |  3.5
Evocations     | 1 2 3 |  3.5
Hexes          | 1 2 |  2.9
Summonings     | 1 2 |  2.9
Necromancy     | 1 2 |  2.9
Translocations | 1 2 |  2.9
Transmutations | 1 2 |  2.9
Fire Magic     | 1 2 |  2.9
Ice Magic      | 1 2 |  2.9
Earth Magic    | 1 2 |  2.9
Poison Magic   | 1 2 |  2.9
Dodging        | 5 |  5.9
Stealth        | 5 |  5.5
Air Magic      | 6 |  6.2

Action                   |  1- 3 |  4- 6 |  7- 9 || total
-------------------------+-------+-------+-------++-------
Melee: Unarmed           |    22 |       |       ||    22
       Bite              |     4 |     3 |     8 ||    15
       Punch             |     2 |     1 |       ||     3
       Dagger            |     5 |    34 |    31 ||    70
 Cast: Shock             |    72 |   104 |   127 ||   303
       Frozen Ramparts   |       |       |     9 ||     9
       Call Canine Famil |       |       |     4 ||     4
       Summon Ice Beast  |       |       |     2 ||     2
Evoke: Wand              |       |       |     3 ||     3
  Use: Potion            |     3 |       |     2 ||     5
       Scroll            |       |       |     1 ||     1
 Stab: Invisible         |     1 |       |       ||     1
       Sleeping          |       |     1 |       ||     1
Armor: Robe              |     9 |    12 |    17 ||    38
Dodge: Dodged            |    39 |    28 |    41 ||   108
Block: Other             |       |       |     3 ||     3

Levels and vault maps discovered:
D:1:      dpeg_arrival_connections, layout_rooms, serial_shops,
          nicolae_shop_hallway_stairs, dreamdust_ecumenical_altar_drowned_temple
D:2:      layout_basic, serial_forest, infiniplex_forest_straight_4,
          infiniplex_forest_clump_tiny, infiniplex_forest_straight_1,
          infiniplex_forest_lined_2, infiniplex_forest_clump_tiny,
          infiniplex_forest_corner_2, infiniplex_forest_zigzag_2,
          grunt_decor_clamped
D:3:      layout_loops_ring, mainiacjoe_overflow_swirl, serial_bayou_lagoon_b,
          uniq_ijyb
D:4:      layout_rooms, serial_co_window_serial, co_window_corner_a,
          co_window_cross_1, co_window_paths_a, co_window_paths_a,
          co_window_paths_b, co_window_unsneaky_path_d, co_window_corner_cb,
          co_window_of_opportunity_b, co_window_unsneaky_path_c,
          co_window_unsneaky_path_a, co_window_paths_d, glass_columns_c,
          glass_columns_c, glass_columns_a, minmay_ruptured
D:5:      layout_basic, serial_shops, nicolae_shop_statue_plus,
          kennysheep_decorative_pillar
D:6:      layout_basic, minmay_temple_entry_junction_2, uniq_prince_ribbit1

Notes
Turn   | Place    | Note
-------+----------+-------------------------------------------
     0 | D:1      | spaghetti the Gnoll Air Elementalist began the quest for
                  | the Orb.
     0 | D:1      | Reached XP level 1. HP: 13/13 MP: 6/6
     0 | D:1      | magus.rc [v1.9.6]
    81 | D:1      | Reached skill level 2 in Conjurations
   111 | D:1      | Reached XP level 2. HP: 19/19 MP: 1/7
   575 | D:1      | Reached skill level 5 in Spellcasting
   575 | D:1      | Reached XP level 3. HP: 17/25 MP: 1/9
   745 | D:1      | Reached skill level 1 in Invocations
   830 | D:1      | Found a faded altar of an unknown god.
  1005 | D:1      | Found Toatutrali's Assorted Antiques.
  1322 | D:2      | Reached skill level 1 in Fighting
  1322 | D:2      | Reached skill level 1 in Short Blades
  1322 | D:2      | Reached skill level 1 in Long Blades
  1322 | D:2      | Reached skill level 1 in Axes
  1322 | D:2      | Reached skill level 1 in Maces & Flails
  1322 | D:2      | Reached skill level 1 in Polearms
  1322 | D:2      | Reached skill level 1 in Staves
  1322 | D:2      | Reached skill level 1 in Slings
  1322 | D:2      | Reached skill level 1 in Bows
  1322 | D:2      | Reached skill level 1 in Crossbows
  1322 | D:2      | Reached skill level 1 in Throwing
  1322 | D:2      | Reached skill level 1 in Armour
  1322 | D:2      | Reached skill level 1 in Shields
  1322 | D:2      | Reached skill level 1 in Unarmed Combat
  1322 | D:2      | Reached skill level 1 in Evocations
  1404 | D:2      | Reached XP level 4. HP: 32/32 MP: 8/11
  1496 | D:2      | You pick up a book of Callings and begin reading...
  1496 | D:2      | You add the spells Summon Small Mammal, Call Canine
                  | Familiar and Summon Guardian Golem to your library.
  1573 | D:2      | You pick up a book of Geomancy and begin reading...
  1573 | D:2      | You add the spells Sandblast, Passwall and Stone Arrow to
                  | your library.
  2325 | D:3      | Learned a level 3 spell: Swiftness
  2328 | D:3      | Learned a level 2 spell: Passwall
  2332 | D:3      | Learned a level 3 spell: Call Canine Familiar
  2352 | D:3      | You pick up a book of Rime and begin reading...
  2352 | D:3      | You add the spells Frozen Ramparts, Ice Form and Summon Ice
                  | Beast to your library.
  2411 | D:3      | You pick up a book of the Tundra and begin reading...
  2411 | D:3      | You add the spells Hailstorm and Simulacrum to your
                  | library.
  2419 | D:3      | Learned a level 4 spell: Summon Ice Beast
  2613 | D:3      | Identified the +8 dagger of Quantum Leap {vorpal, rElec
                  | Str-4 Int+3}
  2789 | D:3      | Reached skill level 1 in Hexes
  2789 | D:3      | Reached skill level 1 in Summonings
  2789 | D:3      | Reached skill level 1 in Necromancy
  2789 | D:3      | Reached skill level 1 in Translocations
  2789 | D:3      | Reached skill level 1 in Transmutations
  2789 | D:3      | Reached skill level 1 in Fire Magic
  2789 | D:3      | Reached skill level 1 in Ice Magic
  2789 | D:3      | Reached skill level 1 in Earth Magic
  2789 | D:3      | Reached skill level 1 in Poison Magic
  2890 | D:3      | Noticed Ijyb
  2892 | D:3      | Paralysed by Ijyb for 6 turns
  2901 | D:3      | Killed Ijyb
  2902 | D:3      | Reached XP level 5. HP: 25/37 MP: 10/12
  3143 | D:3      | Found a stormy altar of Qazlal.
  3146 | D:3      | Became a worshipper of Qazlal Stormbringer
  3680 | D:4      | Reached skill level 2 in Invocations
  3680 | D:4      | Reached XP level 6. HP: 42/44 MP: 9/14
  3785 | D:4      | Reached skill level 5 in Dodging
  3934 | D:4      | Reached skill level 2 in Fighting
  3934 | D:4      | Reached skill level 2 in Short Blades
  3934 | D:4      | Reached skill level 2 in Long Blades
  3934 | D:4      | Reached skill level 2 in Axes
  3934 | D:4      | Reached skill level 2 in Maces & Flails
  3934 | D:4      | Reached skill level 2 in Polearms
  3934 | D:4      | Reached skill level 2 in Staves
  3934 | D:4      | Reached skill level 2 in Slings
  3934 | D:4      | Reached skill level 2 in Bows
  3934 | D:4      | Reached skill level 2 in Crossbows
  3934 | D:4      | Reached skill level 2 in Throwing
  3934 | D:4      | Reached skill level 2 in Armour
  3934 | D:4      | Reached skill level 2 in Shields
  3934 | D:4      | Reached skill level 2 in Unarmed Combat
  3934 | D:4      | Reached skill level 2 in Evocations
  4264 | D:5      | Entered Level 5 of the Dungeon
  4281 | D:5      | Found Loumpal's Assorted Antiques.
  4305 | D:5      | Noticed a black bear
  4315 | D:5      | Killed a black bear
  4316 | D:5      | Reached XP level 7. HP: 31/50 MP: 8/15
  4449 | D:5      | Learned a level 3 spell: Frozen Ramparts
  4557 | D:5      | Reached skill level 2 in Hexes
  4557 | D:5      | Reached skill level 2 in Summonings
  4557 | D:5      | Reached skill level 2 in Necromancy
  4557 | D:5      | Reached skill level 2 in Translocations
  4557 | D:5      | Reached skill level 2 in Transmutations
  4557 | D:5      | Reached skill level 2 in Fire Magic
  4557 | D:5      | Reached skill level 2 in Ice Magic
  4557 | D:5      | Reached skill level 2 in Earth Magic
  4557 | D:5      | Reached skill level 2 in Poison Magic
  4566 | D:5      | Reached skill level 3 in Conjurations
  4661 | D:5      | Reached skill level 5 in Stealth
  4905 | D:5      | Reached skill level 3 in Invocations
  5059 | D:5      | Reached * piety under Qazlal
  5181 | D:5      | Reached skill level 6 in Air Magic
  5181 | D:5      | Reached XP level 8. HP: 57/57 MP: 10/16
  5181 | D:5      | Noticed a two-headed ogre
  5183 | D:5      | Noticed a nameless horror
  5449 | D:6      | Reached skill level 3 in Fighting
  5449 | D:6      | Reached skill level 3 in Short Blades
  5449 | D:6      | Reached skill level 3 in Long Blades
  5449 | D:6      | Reached skill level 3 in Axes
  5449 | D:6      | Reached skill level 3 in Maces & Flails
  5449 | D:6      | Reached skill level 3 in Polearms
  5449 | D:6      | Reached skill level 3 in Staves
  5449 | D:6      | Reached skill level 3 in Slings
  5449 | D:6      | Reached skill level 3 in Bows
  5449 | D:6      | Reached skill level 3 in Crossbows
  5449 | D:6      | Reached skill level 3 in Throwing
  5449 | D:6      | Reached skill level 3 in Armour
  5449 | D:6      | Reached skill level 3 in Shields
  5449 | D:6      | Reached skill level 3 in Unarmed Combat
  5449 | D:6      | Reached skill level 3 in Evocations
  5659 | D:6      | Reached skill level 6 in Spellcasting
  5883 | D:6      | Found a staircase to the Ecumenical Temple.
  5969 | D:6      | Noticed Prince Ribbit
  5980 | D:6      | HP: 8/58 [Prince Ribbit (14)]
  5994 | D:6      | Killed Prince Ribbit
  6819 | D:6      | Noticed a nameless horror
  6830 | D:6      | HP: 14/58 [nameless horror[miscasting Summon Ice Beast]
                  | (15)]
  6834 | D:6      | HP: 6/58 [nameless horror[miscasting Summon Ice Beast] (6)]
  6838 | D:6      | HP: 1/58 [nameless horror[miscasting Summon Ice Beast]
                  | (11)]
  6839 | D:6      | Slain by a nameless horror

Vanquished Creatures
  Prince Ribbit (D:6)
  A black bear (D:5)
  An ice beast (D:6)
  2 ogres (D:5)
  A centaur (D:6)
  2 scorpions
  A necrophage (D:4)
  A hound (D:5)
  2 jellies
  3 orc priests
  An iguana (D:5)
  Ijyb (D:3)
  5 orc wizards (D:6)
  7 gnolls
  8 adders
  2 white imps (D:5)
  An ufetubus (D:4)
  A worm (D:4)
  A dart slug (D:4)
  19 orcs
  10 ball pythons
  10 endoplasms
  3 giant cockroaches (D:1)
  5 goblins
  13 hobgoblins
  6 jackals
  5 kobolds
  2 quokkas (D:3)
  5 bats
  5 frilled lizards
  2 rats
  A spectral goblin (D:1)
128 creatures vanquished.

Vanquished Creatures (collateral kills)
  A hound (D:5)
1 creature vanquished.

Vanquished Creatures (others)
  3 plants
3 creatures vanquished.

Grand Total: 132 creatures vanquished

Table legend:
 A = Non-vault XP
 B = Vault XP
 C = Vault XP percentage of total XP
 D = Non-vault monster count
 E = Vault monster count
 F = Vault count percentage of total count
                 A         B        C        D         E       F
            +---------+---------+-------+---------+---------+-------
      Total |    1790 |     333 |  15.7 |     123 |       6 |   4.7
            +---------+---------+-------+---------+---------+-------
        D:1 |      69 |       1 |   1.4 |      34 |       1 |   2.9
        D:2 |      27 |       0 |   0.0 |      10 |       0 |   0.0
        D:3 |      41 |      36 |  46.8 |      16 |       1 |   5.9
        D:4 |     304 |      10 |   3.2 |      21 |       3 |  12.5
        D:5 |     750 |       0 |   0.0 |      17 |       0 |   0.0
        D:6 |     599 |     286 |  32.3 |      25 |       1 |   3.8
            +---------+---------+-------+---------+---------+-------

Illustrated notes

Table legend:
 A = Kills in this place as a percentage of kills in entire the game.
 B = Kills by you in this place as a percentage of kills by you in the entire game.
 C = Kills by friends in this place as a percentage of kills by friends in the entire game.
 D = Other kills in this place as a percentage of other kills in the entire game.
 E = Experience gained in this place as a percentage of experience gained in the entire game.
 F = Experience gained in this place divided by the number of levels of this place that you have seen.
                   A       B       C       D       E      F
               +-------+-------+-------+-------+-------+----------------------
         Total | 100.0 | 100.0 | 100.0 |   N/A | 100.0 | 353.8
       Dungeon | 100.0 | 100.0 | 100.0 |   N/A | 100.0 | 353.8
               +-------+-------+-------+-------+-------+----------------------

Table legend: (Time is in decaauts)
 A = Elapsed time spent in this place.
 B = Non-inter-level travel time spent in this place.
 C = Inter-level travel time spent in this place.
 D = Time resting spent in this place.
 E = Time spent auto-exploring this place.
 F = Levels seen in this place.
 G = Mean time per level.
                   A        B        C        D        E       F      G
               +--------+--------+--------+--------+--------+-----+--------+
         Total |   6850 |   6754 |     96 |    309 |   5640 |   6 | 1141.7 |
       Dungeon |   6850 |   6754 |     96 |    309 |   5640 |   6 | 1141.7 |
               +--------+--------+--------+--------+--------+-----+--------+

Top non-repeatable levels by time:
     D:6: 1731 daAuts
     D:1: 1274 daAuts
     D:4: 1112 daAuts
     D:2: 1022 daAuts
     D:3: 883 daAuts
     D:5: 825 daAuts
